 Dungeon Crawl Stone Soup version 0.31-a0-263-ge8cad7f256 (webtiles) character file.

Game seed: 16678766539899858087

70 qw the Shooter (level 4, 0/26 HPs)
             Began as a Gargoyle Hexslinger on July 13, 2023.
             Slain by a lemure (8 damage)
             ... led by Pikel
             ... on level 3 of the Dungeon.
             The game lasted 00:00:49 (1727 turns).

qw the Shooter (Gargoyle Hexslinger)                Turns: 1727, Time: 00:00:50

Health: 0/26       AC:  9    Str: 11    XL:     4   Next: 21%
Magic:  5/5        EV: 15    Int: 14    God:
Gold:   132        SH:  5    Dex: 14    Spells: 4/5 levels left

rFire   . . .        Y - +3 sling (flame)
rCold   . . .        (no shield)
rNeg    + . .        b - +0 ring mail
rPois   inf          a - +1 hat
rElec   +            (no cloak)
rCorr   .            (no gloves)
SInv    .            (no boots)
Will    .....        k - amulet of reflection
Stlth   +            f - +5 ring of evasion
HPRegen 0.24/turn    (no ring)
MPRegen 0.09/turn

%: reflection
@: brilliant
A: sickness immunity, AC +3, negative energy resistance 1, electricity
resistance, torment resistance 1, petrification resistance
a: no special abilities


You were on level 3 of the Dungeon.
You visited 1 branch of the dungeon, and saw 4 of its levels.

You collected 192 gold pieces.
You spent 60 gold pieces at shops.


Innate Abilities, Weirdness & Mutations

You are immune to sickness and miasma.
Your stone body is resilient. (AC +3)
You are immune to poison.
You resist negative energy. (rN+)
You are resistant to electric shocks. (rElec)
You are resistant to unholy torment.
You are immune to petrification.


   Skills:
 - Level 2.0 Fighting
 - Level 4.0 Ranged Weapons
 + Level 0.2 Armour
 - Level 1.5 Dodging
 - Level 1.0 Spellcasting
 - Level 2.6 Hexes


You had 4 spell levels left.
You knew the following spells:

 Your Spells              Type           Power      Damage    Failure   Level
a - Slow                  Hex            48%        N/A       22%         1

Your spell library contained the following spells:

 Spells                   Type           Power      Damage    Failure   Level
 Inner Flame              Hex/Fire       6%         N/A       73%         3
 Portal Projectile        Hex/Tloc       12%        N/A       73%         3
 Cause Fear               Hex            6%         N/A       91%         4

Inventory:

Hand Weapons
 Y - a +3 sling of flaming (weapon)
Armour
 a - a +1 hat (worn)
 b - a +0 ring mail (worn)
Jewellery
 f - a +5 ring of evasion (left hand)
 k - an amulet of reflection (around neck)
Scrolls
 d - a scroll of identify
Potions
 e - 4 potions of curing
 g - a potion of cancellation
 h - a potion of heal wounds

Dungeon Overview and Level Annotations

Branches:
Dungeon (4/15)
 Temple: D:4-7

Altars:
Qazlal

Shops:
D:1 *

Annotations:
D:4 Grinder, Pikel


Message History

You shoot a sling bullet. The sling bullet hits the lemure!
The sling bullet burns the lemure.
The lemure is moderately wounded.
The lemure closely misses you.
You shoot a sling bullet.
The sling bullet closely misses the lemure.
The lemure barely misses you. The lemure hits you but does no damage.
You shoot a sling bullet. The sling bullet hits the lemure.
The sling bullet burns the lemure.
The lemure is heavily wounded.
The lemure barely misses you.
You shoot a sling bullet.
The sling bullet barely misses the lemure.
The lemure misses you.
You shoot a sling bullet.
The sling bullet barely misses the lemure.
The lemure hits you but does no damage. x2
You shoot a sling bullet. The sling bullet hits the lemure.
The sling bullet burns the lemure.
The lemure is heavily wounded.
You block the lemure's attack.
You shoot a sling bullet. The sling bullet hits the lemure.
The sling bullet burns the lemure.
The lemure is severely wounded.
The lemure closely misses you.
You shoot a sling bullet.
The sling bullet hits the lemure but does no damage.
The lemure is severely wounded.
The lemure completely misses you. The lemure barely misses you.
You shoot a sling bullet.
The sling bullet hits the lemure but does no damage.
The lemure is severely wounded.
The lemure hits you.
You shoot a sling bullet. The sling bullet misses the lemure.
The lemure hits you.
You shoot a sling bullet. The sling bullet hits the lemure.
The sling bullet burns the lemure.
The lemure is severely wounded.
The lemure completely misses you. The lemure hits you!
You die...

..#......#####..........# #.....
........................####...).
...##.####.......................
.................................
#...#.#########.....########.....
#.....# #.#)....# #..... ..#...##
#..#....# #..... ###.#..####
##5#....# ###### #.#.....#
#@#....# ###...###.## #......#
......###..### ##...###
..##.....#.).## ##.<.#
..##.###.###..####.#.# ..##.#
#.####...#....# ..##.###..#
###...^..# ..##.)###.# ##.....###
..###....!# ###)#...#


You could see a lemure.

Vanquished Creatures
  A lemure (D:3)
  2 dart slugs
  5 ball pythons
  4 endoplasms
  12 giant cockroaches
  9 goblins
  6 hobgoblins
  7 kobolds
  5 quokkas
  A bat (D:1)
  A frilled lizard (D:2)
  A rat (D:3)
54 creatures vanquished.

Notes
Turn   | Place    | Note
-------+----------+-------------------------------------------
     0 | D:1      | qw the Gargoyle Hexslinger began the quest for the Orb.
     0 | D:1      | Reached XP level 1. HP: 12/12 MP: 2/2
     0 | D:1      | 0 ||| qw: Version: 0.3-a-52-g30416fa
     0 | D:1      | 0 ||| qw: Game counter: 7086
     0 | D:1      | 0 ||| qw: Melee chars always use a shield: true
     0 | D:1      | 0 ||| qw: God list: Okawaru
     0 | D:1      | 0 ||| qw: Allow faded altars: false
     0 | D:1      | 0 ||| qw: Do Orc after clearing Dungeon:15 true
     0 | D:1      | 0 ||| qw: Do second Lair branch before Depths: true
     0 | D:1      | 0 ||| qw: Lair rune preference: random
     0 | D:1      | 0 ||| qw: Goals: Normal
     0 | D:1      | 0 ||| PLANNING D:1-11
    12 | D:1      | Noticed an electric eel
   100 | D:1      | Reached XP level 2. HP: 16/16 MP: 3/3
   166 | D:1      | Found Bemoagi's General Store.
   182 | D:1      | 182 ||| SHOPLISTING +1 cloak of poison resistance (162
                  | gold, have 61).
   182 | D:1      | 182 ||| SHOPLISTING +2 robe of cold resistance (212 gold,
                  | have 61).
   182 | D:1      | 182 ||| BUYING potion of curing (36 gold).
   182 | D:1      | Bought a potion of curing for 36 gold pieces
   182 | D:1      | 182 ||| SHOPLISTING potion of mutation (96 gold, have 25).
   182 | D:1      | 182 ||| BUYING scroll of identify (24 gold).
   182 | D:1      | Bought a scroll of identify for 24 gold pieces
   182 | D:1      | 182 ||| SHOPLISTING scroll of teleportation (36 gold, have
                  | 1).
   242 | D:1      | Reached skill level 3 in Ranged Weapons
   242 | D:1      | Found a faded altar of an unknown god.
   571 | D:1      | 571 ||| UPGRADING to +0 leather armour.
   581 | D:1      | 581 ||| DROPPING +0 robe.
   582 | D:1      | 582 ||| UPGRADING to amulet of reflection.
   587 | D:1      | 587 ||| READING scroll labelled HOSAARAZUMN.
   588 | D:1      | 588 ||| READING 2 scrolls of identify.
   588 | D:1      | 588 ||| IDENTIFYING amethyst potion
   589 | D:1      | 589 ||| DROPPING scroll of poison.
   590 | D:1      | 590 ||| DROPPING potion of berserk rage.
   707 | D:2      | Reached XP level 3. HP: 15/21 MP: 4/4
  1210 | D:2      | 1210 ||| UPGRADING to +0 ring mail.
  1220 | D:2      | 1220 ||| DROPPING +0 leather armour.
  1221 | D:2      | 1221 ||| UPGRADING to +5 ring of evasion.
  1222 | D:2      | 1222 ||| READING scroll labelled BETORGH REMOUNO.
  1223 | D:2      | 1223 ||| READING scroll labelled HEZARA OSOVI.
  1224 | D:2      | 1224 ||| READING scroll labelled PESUPAL DORPH.
  1228 | D:2      | 1228 ||| DRINKING 2 bubbling coppery potions.
  1229 | D:2      | 1229 ||| READING 3 scrolls of identify.
  1229 | D:2      | 1229 ||| IDENTIFYING murky golden potion
  1308 | D:3      | 1308 ||| READING scroll of enchant weapon.
  1308 | D:3      | 1308 ||| ENCHANTING +2 sling.
  1404 | D:3      | Reached XP level 4. HP: 26/26 MP: 5/5
  1411 | D:3      | 1411 ||| DROPPING +0 sling of flaming.
  1532 | D:3      | Reached skill level 4 in Ranged Weapons
  1619 | D:3      | Found a stormy altar of Qazlal.
  1672 | D:3      | 1672 ||| UPGRADING to +1 hat.
  1677 | D:3      | 1677 ||| DROPPING ring of magical power.
  1678 | D:3      | 1678 ||| READING scroll labelled URABOH MAQI.
  1679 | D:3      | 1679 ||| READING scroll labelled UPUGYD ASSAULI.
  1680 | D:3      | 1680 ||| DRINKING 2 emerald potions.
  1681 | D:3      | 1681 ||| READING 2 scrolls of identify.
  1681 | D:3      | 1681 ||| IDENTIFYING metallic green potion
  1682 | D:3      | 1682 ||| DROPPING potion of brilliance.
  1683 | D:3      | 1683 ||| DROPPING potion of lignification.
  1704 | D:4      | Noticed a lemure
  1704 | D:4      | Noticed a lemure
  1706 | D:4      | Noticed a lemure
  1706 | D:4      | Noticed a lemure
  1707 | D:4      | Noticed Pikel
  1710 | D:4      | 1710 ||| STAIRDANCE
  1710 | D:4      | Noticed Grinder
  1715 | D:3      | Killed a lemure
  1727 | D:3      | Slain by a lemure

Levels and vault maps discovered:
D:1:      arrival_aquarium_a, layout_rooms, serial_shops, shop,
          shapermc_ecumenical_altar_rom_forum
D:2:      layout_basic, serial_corexii_hall, chequers_hall_statues_wall_a,
          chequers_hall_statues_y, corexii_hall_statues_s
D:3:      minmay_roachtagon, layout_rooms, mainiacjoe_overflow_alcove_4
D:4:      layout_rooms, grunt_temple_overflow_diamond, uniq_pikel, uniq_grinder

Skill      XL: |  1  2  3  4 |
---------------+-------------+-----
Ranged Weapons | 3 4 |  4.0
Fighting       | 2 |  2.0
Armour         | |  0.2
Dodging        | |  1.5
Spellcasting   | |  1.0
Hexes          | |  2.6

Action                     |  1- 3 |  4- 6 || total
---------------------------+-------+-------++-------
   Fire: Sling             |   127 |    42 ||   169
    Use: Scroll            |     7 |     3 ||    10
         Potion            |     1 |     1 ||     2
 Armour: Robe              |     6 |       ||     6
         Leather armour    |     5 |       ||     5
         Ring mail         |     5 |     7 ||    12
  Dodge: Dodged            |    34 |    12 ||    46
  Block: Other             |    10 |     6 ||    16

Table legend:
 A = Non-vault XP
 B = Vault XP
 C = Vault XP percentage of total XP
 D = Non-vault monster count
 E = Vault monster count
 F = Vault count percentage of total count
                 A         B        C        D         E       F
            +---------+---------+-------+---------+---------+-------
      Total |      80 |      20 |  20.0 |      43 |      10 |  18.9
            +---------+---------+-------+---------+---------+-------
        D:1 |      29 |       0 |   0.0 |      16 |       0 |   0.0
        D:2 |      27 |       0 |   0.0 |      14 |       0 |   0.0
        D:3 |      24 |      20 |  45.5 |      13 |      10 |  43.5
            +---------+---------+-------+---------+---------+-------
